AoeStats
← MathLCN

Arabia

507331965Analyzed
1v1 RM · 14d ago on Sep 17, 2026· 46m 17s· 2 players
Game mode
Random Map
Map size
Tiny (2 player)
Population
200
Speed
Normal
Resources
Standard
Victory
Conquest
Starting age
Dark Age
Ending age
Imperial Age
RankedLock teamsTeams togetherTeam positionsShared explorationLock speedFull tech treeHidden civsTurbo modeCheats
Victory
Defeat
🇹🇷 Huns · Türkiye
529
+13
🇫🇷 Ethiopians · France
453
-13
MathLCN
11:14 Feudal Age
9:29 Loom
12:34 Double-Bit Axe
17:33 Castle Age
16:09 Horse Collar
17:18 Stone Mining
21:41 Wheelbarrow
22:56 Squires
23:05 Scale Mail Armor
26:42 Heavy Plow
26:56 Bow Saw
34:03 Chain Mail Armor
33:45 Town Watch
36:27 Stone Shaft Mining
35:43 Gold Mining
36:16 Hand Cart
40:40 Forging
43:11 Imperial Age
41:08 Elite Skirmisher
42:15 Royal Heirs
45:46 Ballistics
45:38 Masonry
45:24 Murder Holes
46:09 Halberdier
Desperate Gambler
12:30 Feudal Age
12:54 Horse Collar
17:00 Bloodlines
23:43 Castle Age
22:17 Forging
23:32 Scale Mail Armor
24:59 Husbandry
25:40 Iron Casting
25:21 Chain Mail Armor
29:50 Light Cavalry
38:19 Marauders
43:08 Imperial Age
47:02 Wheelbarrow
46:30 Heavy Plow
Connection lost

Rejoining the realm…

Still unreachable

The connection could not be restored.

Session expired

The server has moved on; the page needs a fresh start.